 Dungeon Crawl Stone Soup version 0.23.2-30-g0e89c35649 (webtiles) character file.

Game seed: 14525950563159415666

55 Revguard the Slasher (level 3, 0/28 HPs)
             Began as a Demonspawn Gladiator on June 19, 2019.
             Succumbed to a kobold's poison
             ... on level 3 of the Dungeon.
             The game lasted 00:04:27 (1928 turns).

Revguard the Slasher (Demonspawn Gladiator)         Turns: 1928, Time: 00:04:28

Health: 0/28       AC:  5    Str: 14    XL:     3   Next: 67%
Magic:  12/12      EV: 13    Int: 14    God:
Gold:   35         SH:  0    Dex: 15    Spells: 2/2 levels left

rFire    . . .     SeeInvis .   a - +1 long sword
rCold    . . .     Gourm    .   (no shield)
rNeg     . . .     Faith    .   b - +0 leather armour
rPois    .         Spirit   .   c - +1 helmet
rElec    .         Reflect  .   (no cloak)
rCorr    .         Harm     .   (no gloves)
MR       .....                  (no boots)
Stlth    +.........             m - amulet of inaccuracy (curse)
HPRegen  0.09/turn              h - ring of magical power
MPRegen  0.13/turn              (no ring)

@: brilliant, lethally poisoned (0 -> -3)
A: claws 1
a: no special abilities


You were on level 3 of the Dungeon.
You were not hungry.

You visited 1 branch of the dungeon, and saw 3 of its levels.

You collected 35 gold pieces.

Inventory:

Hand Weapons
 a - a +1 long sword (weapon)
Missiles
 d - 3 throwing nets (quivered)
Armour
 b - a +0 leather armour (worn)
 c - a +1 helmet (worn)
Jewellery
 h - a ring of magical power (left claw)
 j - an uncursed ring of fire {unknown}
 m - a cursed amulet of inaccuracy (around neck)
Scrolls
 g - 2 scrolls of identify
Potions
 i - 3 potions of invisibility
Comestibles
 f - 5 rations
 k - a chunk of flesh


   Skills:
 + Level 2.4 Fighting
 + Level 3.4 Long Blades
 - Level 1.7 Throwing
 + Level 1.0 Armour
 + Level 3.2 Dodging


You had 2 spell levels left.
You didn't know any spells.
Your spell library was empty.

Dungeon Overview and Level Annotations

Branches:
Dungeon (3/15)

Altars:
Dithmenos
Hepliaklqana
Xom


Innate Abilities, Weirdness & Mutations

You have sharp fingernails.


Message History

* * * LOW HITPOINT WARNING * * *
You feel sick. The bat misses you.
You see here a ration.
f - 5 rations (gained 1)
The bat hits you but does no damage.
* * * LOW HITPOINT WARNING * * *
You feel sick. The bat hits you but does no damage. The bat closely misses you.
* * * LOW HITPOINT WARNING * * *
You feel sick. The bat misses you.
You riposte.
You miss the bat. The bat hits you.
* * * LOW HITPOINT WARNING * * *
The bat barely misses you.
* * * LOW HITPOINT WARNING * * *
You feel sick. The bat hits you.
* * * LOW HITPOINT WARNING * * *
You see here a leather armour.
The bat hits you but does no damage. The bat completely misses you.
You die...

.#####...#####..
#.......# .
#.......# ..
#.......###....
#.#............
#.#...#.###....
#.#...#.# ##
####...b...#
#....@..[..#
#.########.#
#... #####


You could see a bat.

Vanquished Creatures
  An adder (D:2)
  A worm (D:2)
  3 giant cockroaches
  6 hobgoblins
  5 kobolds
  2 quokkas (D:2)
  2 ball pythons
  7 bats
  4 frilled lizards
  4 goblins
  6 rats
41 creatures vanquished.

Notes
Turn   | Place    | Note
-------+----------+-------------------------------------------
     0 | D:1      | Revguard the Demonspawn Gladiator began the quest for the
                  | Orb.
     0 | D:1      | Reached XP level 1. HP: 16/16 MP: 1/1
   159 | D:1      | Gained mutation: You have sharp fingernails. [demonic
                  | ancestry]
   159 | D:1      | Reached XP level 2. HP: 6/22 MP: 2/2
  1366 | D:2      | Reached XP level 3. HP: 27/27 MP: 3/3
  1411 | D:2      | Found a deep blue altar of Sif Muna.
  1413 | D:2      | Found a bloodstained altar of Trog.
  1413 | D:2      | Found a hazy altar of Hepliaklqana.
  1415 | D:2      | Found a glowing silver altar of Zin.
  1415 | D:2      | Found a basalt altar of Yredelemnul.
  1415 | D:2      | Found a shimmering altar of Xom.
  1741 | D:2      | Found a shadowy altar of Dithmenos.
  1891 | D:3      | Reached skill level 1 in Armour
  1925 | D:3      | HP: 1/28 [bat (1)]
  1928 | D:3      | Succumbed to a kobold's poison

Skill      XL: |  1  2  3 |
---------------+----------+-----
Dodging        | 3 |  3.2
Long Blades    | 3 |  3.4
Armour         | 1 |  1.0
Fighting       | |  2.4
Throwing       | |  1.7

Action                   || total
-------------------------++-------
Melee: Long sword        ||   140
  Use: Scroll            ||     6
       Potion            ||     4
 Stab: Sleeping          ||     2
       Invisible         ||     1
  Eat: Chunk             ||     3
Armor: Leather armour    ||    62
Dodge: Dodged            ||   128
       Rpst.: Long sword ||    30
